 Dungeon Crawl Stone Soup version 0.25.1-2-g60ff931df9 (webtiles) character file.

Game seed: 12182801131611442997

855 pokeman the Magician (level 7, -5/40 HPs)
             Began as a Deep Elf Wizard on Nov 6, 2020.
             Was a Follower of Vehumet.
             Slain by a river rat (6 damage)
             ... in a sewer.
             The game lasted 00:13:04 (6164 turns).

pokeman the Magician (Deep Elf Wizard)              Turns: 6164, Time: 00:13:07

Health: -5/40      AC:  4    Str:  4    XL:     7   Next: 70%
Magic:  7/20       EV: 12    Int: 25    God:    Vehumet [*.....]
Gold:   249        SH:  0    Dex: 13    Spells: 9/21 levels left

rFire    + . .     SeeInvis .   y - +0 trident (protect)
rCold    x . .     Gourm    .   (no shield)
rNeg     . . .     Faith    .   r - +0 leather armour
rPois    .         Spirit   .   b - +0 hat
rElec    .         Reflect  .   (no cloak)
rCorr    .         Harm     .   (no gloves)
MR       .....                  s - +0 pair of boots
Stlth    +.........             (no amulet)
HPRegen  0.13/turn              p - ring of fire
MPRegen  0.17/turn              v - ring of wizardry

@: very slow
A: no striking features
a: Renounce Religion


You were in a sewer.
You worshipped Vehumet.
Vehumet was aware of your devotion.
You were not hungry.

You visited 2 branches of the dungeon, and saw 6 of its levels.
You also visited: Sewer.

You collected 249 gold pieces.

Inventory:

Hand Weapons
 y - a +0 trident of protection (weapon)
Missiles
 n - 53 bolts
Armour
 b - a +0 hat (worn)
 r - a +0 leather armour (worn)
 s - a +0 pair of boots (worn)
Jewellery
 m - an uncursed ring of protection from fire
 p - a ring of fire (left hand)
 v - a ring of wizardry (right hand)
Scrolls
 c - a scroll of random uselessness {unknown}
 e - a scroll of enchant weapon {unknown}
 h - 11 scrolls of identify {unknown}
 i - a scroll of magic mapping {unknown}
 l - 5 scrolls of teleportation {unknown}
 o - a scroll of amnesia {unknown}
 t - 3 scrolls of remove curse {unknown}
Potions
 a - 3 potions of curing {unknown}
 f - a potion of degeneration {unknown}
 g - a potion of heal wounds {unknown}
 j - a potion of flight {unknown}
 k - 2 potions of might {unknown}
 q - a potion of ambrosia {unknown}
 u - a potion of berserk rage {unknown}
 w - a potion of mutation {unknown}
 x - 3 potions of stabbing {unknown}
 z - a potion of magic {unknown}
 A - a potion of brilliance {unknown}
Comestibles
 d - 10 rations
 B - 3 chunks of flesh


   Skills:
 - Level 2.0 Fighting
 + Level 1.6 Armour
 - Level 3.0 Dodging
 + Level 2.6 Stealth
 * Level 7.9 Spellcasting
 * Level 5.1 Conjurations
 - Level 1.1 Summonings
 - Level 1.1 Translocations
 + Level 2.9 Fire Magic
 - Level 1.0 Air Magic
 - Level 1.0 Poison Magic


You had 9 spell levels left.
You knew the following spells:

 Your Spells              Type           Power        Failure   Level  Hunger
a - Magic Dart            Conj           ####         1%          1    None
b - Mephitic Cloud        Conj/Pois/Air  ###.....     4%          3    None
c - Call Imp              Summ           ###.....     4%          2    None
d - Blink                 Tloc           N/A          4%          2    None
e - Conjure Flame         Conj/Fire      #####...     2%          3    None
f - Shock                 Conj/Air       ####         1%          1    None

Your spell library contained the following spells:

 Spells                   Type           Power        Failure   Level  Hunger
 Freeze                   Ice            #...         4%          1    None
 Animate Skeleton         Necr           N/A          4%          1    None
 Pain                     Necr           #...         4%          1    None
 Slow                     Hex            #.......     6%          2    None
 Vampiric Draining        Necr           #.........   13%         3    None
 Animate Dead             Necr           N/A          38%         4    ##.....
 Agony                    Necr           #.......     71%         5    #####..


Dungeon Overview and Level Annotations

Branches:
Dungeon (5/15)             Temple (1/1) D:4           Sewer (1/1)

Altars:
Dithmenos
Gozag
Nemelex Xobeh
Okawaru
Sif Muna
Trog
Vehumet
Yredelemnul
The Shining One


Message History

Aim: a ball python (severely wounded, constricting you)
The magic dart hits the ball python.
You kill the ball python!
Vehumet accepts your kill. Vehumet offers you knowledge of Freeze.
The river rat bites you!
* * * LOW HITPOINT WARNING * * *
The ball python barely misses you. x2
Casting: Magic Dart (safe; 1% risk of failure)
Confirm with . or Enter, or press ? or * to list all spells.
You blink.
Splash!
Unknown command.
Casting: Blink (safe; 4% risk of failure)
Confirm with . or Enter, or press ? or * to list all spells.
You blink.
Splash!
The ball python barely misses you. The ball python closely misses you.
The river rat bites you.
You die...

#...# #...## ##...##
#....####################
#.....#≈≈≈≈≈≈≈≈≈≈≈≈≈≈≈..#
##.....≈≈≈≈≈≈≈≈≈≈≈≈≈≈≈≈..
#.....≈≈≈≈≈≈≈≈≈≈≈≈≈≈≈≈..
#....≈≈≈≈≈§r#≈≈≈r≈≈≈≈≈..
##...≈≈≈≈≈≈≈S@†r#≈≈≈≈...
###.#≈≈≈≈≈≈r≈r§≈≈≈≈r#.r
###################


You could see a river rat, a ball python and 5 rats.

Vanquished Creatures
  Duvessa (D:4)
  A sky beast (D:5)
  A black bear (D:4)
  A phantom (D:4)
  An ogre (D:4)
  Dowan (D:4)
  2 orc wizards (D:4)
  An iguana (D:4)
  Natasha (thrice) (D:4)
  A worker ant (D:5)
  9 adders
  3 river rats (Sewer)
  2 shadow imps
  An ooze (D:2)
  4 worms
  A dart slug (D:1)
  4 leopard geckos
  6 orcs
  8 giant cockroaches
  7 goblins
  4 hobgoblins
  4 jackals
  3 ball pythons
  7 bats
  6 frilled lizards
  A jackal skeleton (D:4)
  4 kobolds
  2 leopard gecko skeletons
  2 quokka skeletons
  21 rats
112 creatures vanquished.

Vanquished Creatures (collateral kills)
  A worm (D:4)
  An orc (D:3)
2 creatures vanquished.

Grand Total: 114 creatures vanquished

Notes
Turn   | Place    | Note
-------+----------+-------------------------------------------
     0 | D:1      | pokeman the Deep Elf Wizard began the quest for the Orb.
     0 | D:1      | Reached XP level 1. HP: 10/10 MP: 7/7
   322 | D:1      | Reached XP level 2. HP: 16/16 MP: 7/9
   678 | D:1      | Reached skill level 5 in Spellcasting
  1009 | D:1      | Reached XP level 3. HP: 20/20 MP: 8/11
  1014 | D:1      | Learned a level 3 spell: Mephitic Cloud
  1017 | D:1      | Learned a level 2 spell: Call Imp
  1020 | D:1      | Learned a level 2 spell: Blink
  1024 | D:1      | Learned a level 3 spell: Conjure Flame
  1308 | D:2      | Found a bloodstained altar of Trog.
  1435 | D:2      | Reached skill level 1 in Fighting
  1447 | D:2      | Reached skill level 1 in Armour
  1794 | D:2      | Found a radiant altar of Vehumet.
  1799 | D:2      | Became a worshipper of Vehumet
  1964 | D:2      | Reached XP level 4. HP: 23/25 MP: 4/13
  2043 | D:2      | Found a basalt altar of Yredelemnul.
  2728 | D:3      | Found an opulent altar of Gozag.
  3038 | D:3      | Reached skill level 1 in Air Magic
  3102 | D:3      | Found a faded altar of an unknown god.
  3301 | D:4      | Found a staircase to the Ecumenical Temple.
  3301 | D:4      | Noticed Natasha
  3319 | D:4      | Killed Natasha
  3319 | D:4      | Reached skill level 1 in Poison Magic
  3319 | D:4      | Reached XP level 5. HP: 29/29 MP: 6/15
  3663 | D:4      | Noticed Natasha
  3706 | D:4      | Killed Natasha
  3706 | D:4      | Reached skill level 6 in Spellcasting
  3992 | D:4      | Noticed Natasha
  3998 | D:4      | Killed Natasha
  3998 | D:4      | Reached skill level 1 in Fire Magic
  4103 | D:4      | Noticed Duvessa
  4103 | D:4      | Noticed Dowan
  4121 | D:4      | Killed Duvessa
  4121 | D:4      | Reached XP level 6. HP: 21/34 MP: 5/17
  4135 | Temple   | Entered the Ecumenical Temple
  4261 | D:4      | Killed Dowan
  4516 | D:4      | Reached skill level 7 in Spellcasting
  4677 | D:4      | Reached * piety under Vehumet
  4677 | D:4      | Offered knowledge of Shock by Vehumet.
  4680 | D:4      | Learned a level 1 spell: Shock
  4705 | D:4      | Reached XP level 7. HP: 40/40 MP: 12/19
  5176 | D:4      | Found a sparkling altar of Nemelex Xobeh.
  5259 | D:4      | Found an iron altar of Okawaru.
  5259 | D:4      | Found a glowing golden altar of the Shining One.
  5725 | D:5      | Entered Level 5 of the Dungeon
  5767 | D:5      | Reached skill level 5 in Conjurations
  5995 | D:5      | Found a glowing drain.
  5999 | Sewer    | Entered a sewer
  6162 | Sewer    | Offered knowledge of Freeze by Vehumet.
  6162 | Sewer    | HP: 1/40 [river rat (8)]
  6164 | Sewer    | Slain by a river rat

Illustrated notes

Levels and vault maps discovered:
D:1:      dpeg_arrival_ternary, layout_basic, minmay_misc_feat_square
D:2:      layout_basic, yredelemnul_altar_generic, lemuel_doored_altar,
          serial_bayou_pond_c, trog_three_pillars_becter
D:3:      layout_basic, grunt_gozag_statues, chequers_ecumenical_altar_grove,
          first_ration
D:4:      minmay_thinvault, layout_basic, nicolae_overflow_hidden_temple,
          gammafunk_temple_overflow_elements, minmay_temple_entry_arrows,
          uniq_duvessa, uniq_natasha
D:5:      layout_basic, overflow_temple_1_default, kennysheep_mini,
          gup_sewer_entry_spiral
Temple:   dpeg_three_leaves_temple
Sewer:    sewer_minmay_w

Skill      XL: |  1  2  3  4  5  6  7 |
---------------+----------------------+-----
Spellcasting   | 5 6 7 |  7.9
Fighting       | 1 2 |  2.0
Armour         | 1 |  1.6
Conjurations   | 2 3 4 5 |  5.1
Air Magic      | 1 |  1.0
Poison Magic   | 1 |  1.0
Fire Magic     | 1 2 |  2.9
Dodging        | 3 |  3.0
Stealth        | |  2.6
Summonings     | |  1.1
Translocations | |  1.1

Action                   |  1- 3 |  4- 6 |  7- 9 || total
-------------------------+-------+-------+-------++-------
Melee: Unarmed           |    14 |     6 |       ||    20
       Trident           |       |       |    15 ||    15
 Cast: Magic Dart        |    91 |   109 |    49 ||   249
       Mephitic Cloud    |       |     9 |     3 ||    12
       Call Imp          |       |     6 |       ||     6
       Blink             |       |     2 |     3 ||     5
       Conjure Flame     |       |     2 |     1 ||     3
       Shock             |       |     3 |    27 ||    30
 Stab: Confused          |       |       |     1 ||     1
  Eat: Chunk             |     3 |     8 |     5 ||    16
Armor: Robe              |     4 |       |       ||     4
       Leather armour    |       |     6 |    20 ||    26
Dodge: Dodged            |    22 |    24 |    42 ||    88
